 Dungeon Crawl Stone Soup version 0.27.0-1-g7a089689b8 (webtiles) character file.

Game seed: 15333594052887842968

52 thirtiethelement the Skirmisher (level 3, -8/29 HPs)
             Began as a Demonspawn Abyssal Knight on Aug 14, 2021.
             Was a Follower of Lugonu.
             Killed by divine providence
             ... invoked by an orc priest
              (12 damage)
             ... on level 3 of the Dungeon.
             The game lasted 00:04:07 (3242 turns).

thirtiethelement the Skirmisher (DsAK)              Turns: 3242, Time: 00:04:08

Health: -8/29      AC:  4    Str: 12    XL:     3   Next: 60%
Magic:  5/5        EV: 11    Int: 14    God:    Lugonu [*.....]
Gold:   30         SH:  8    Dex: 12    Spells: 2/2 levels left

rFire    + . .     SeeInvis .   a - +1 falchion
rCold    . . .     Faith    .   (no shield)
rNeg     . . .     Spirit   .   b - +0 leather armour
rPois    .         Reflect  .   (no helmet)
rElec    .         Harm     .   (no cloak)
rCorr    .         Rampage  .   l - +0 pair of gloves
Will     .....                  (no boots)
Stlth    +.........             (no amulet)
HPRegen  0.09/turn              s - ring of protection from fire
MPRegen  0.09/turn              (no ring)

@: no status effects
A: large bone plates 1, condensation shield
a: Renounce Religion, Depart the Abyss


You were on level 3 of the Dungeon.
You worshipped Lugonu.
Lugonu was aware of your devotion.
You visited 1 branch of the dungeon, and saw 3 of its levels.
You visited the Abyss 1 time.

You collected 114 gold pieces.
You spent 84 gold pieces at shops.

Inventory:

Hand Weapons
 a - a +1 falchion (weapon)
Missiles
 j - 2 throwing nets
 n - 10 javelins (quivered)
Armour
 b - a +0 leather armour (worn)
 l - a +0 pair of gloves (worn)
Jewellery
 s - a ring of protection from fire (left hand)
Scrolls
 e - 2 scrolls of enchant armour {unknown}
 f - 2 scrolls of identify {unknown}
 h - 2 scrolls of acquirement {unknown}
 i - 2 scrolls of vulnerability {unknown}
 k - a scroll of brand weapon {unknown}
 m - a scroll of blinking {unknown}
 o - a scroll of amnesia {unknown}
 p - a scroll of teleportation {unknown}
 q - a scroll of magic mapping {unknown}
 t - a scroll of enchant weapon {unknown}
Potions
 c - 2 potions of lignification {unknown}
 d - 3 potions of flight {unknown}
 g - 2 potions of heal wounds {unknown}
 r - 2 potions of curing
 v - a potion of attraction


   Skills:
 + Level 3.5 Fighting
 + Level 2.2 Long Blades
 + Level 2.4 Armour
 + Level 1.1 Dodging
 + Level 0.2 Stealth
 + Level 0.2 Shields
 + Level 2.8 Invocations


You had 2 spell levels left.
You didn't know any spells.
Your spell library contained the following spells:

 Spells                   Type           Power      Damage    Failure   Level
 Summon Guardian Golem    Hex/Summ       0%         N/A       73%         3
 Orb of Destruction       Conj           0%         N/A       100%        7
 Spellforged Servitor     Conj/Summ      0%         N/A       100%        7


Dungeon Overview and Level Annotations

Branches:
Dungeon (3/15)

Altars:
Dithmenos
Hepliaklqana

Shops:
D:3 !


Innate Abilities, Weirdness & Mutations

You are partially covered in large bone plates. (SH +4)
A meltable shield of frost defends you. (SH +4)


Message History

No target in view!
Things that are here:
a +0 war axe; a quokka corpse An orc and an orc priest come into view.
The orc shouts!
The orc priest shouts!
You hear a shout! x2
The orc moves out of view.
An orc comes into view. It is wielding a +0 falchion.
You hit the orc priest.
The orc priest is lightly wounded.
You block the orc priest's attack.
You barely miss the orc priest.
The orc priest is lightly wounded.
The orc priest hits you with a +0 whip.
You closely miss the orc priest.
The orc priest is lightly wounded.
The orc closely misses you.
The orc priest mumbles some strange prayers to Beogh against you.
Pain shoots through your body!
You hit the orc priest.
The orc priest is heavily wounded.
The orc hits you with a +0 falchion. The orc priest hits you with a +0 whip.
* * * LOW HITPOINT WARNING * * *
You hit the orc priest.
The orc priest is severely wounded.
The orc hits you with a +0 falchion.
* * * LOW HITPOINT WARNING * * *
The orc priest hits you with a +0 whip.
* * * LOW HITPOINT WARNING * * *
You closely miss the orc priest.
The orc priest is severely wounded.
You hit the orc priest.
The orc priest is almost dead.
The orc priest hits you but does no damage.
You block the orc's attack. The orc priest hits you with a +0 whip.
* * * LOW HITPOINT WARNING * * *
You barely miss the orc priest.
The orc priest is almost dead.
The orc priest mumbles some strange prayers to Beogh against you.
Beogh smites you!
You die...

#####.#######...##
########.# ##.....#
#........#
##....)..
####...####........
#.........'........
#......####........
#...#..# ##.......
##)###.# ##.....#
#@# #.# ##...##
#.ooo....# ##+##
####.##### #.# #
#.# #.# # #.#
##.### #.#
######)..## #.#
........... #..
#####...## ##.###


You could see an orc priest and 2 orcs.

Vanquished Creatures
  A worm (D:3)
  A dart slug (D:1)
  3 orcs (D:3)
  5 endoplasms
  2 giant cockroaches
  5 goblins
  2 hobgoblins
  2 jackals (D:3)
  2 quokkas
  5 ball pythons
  A bat (D:1)
  3 frilled lizards
  4 kobolds
  3 rats
39 creatures vanquished.

Notes
Turn   | Place    | Note
-------+----------+-------------------------------------------
     0 | Abyss:1  | thirtiethelement the Demonspawn Abyssal Knight began the
                  | quest for the Orb.
     0 | Abyss:1  | Reached XP level 1. HP: 18/18 MP: 2/2
    43 | Abyss:1  | Noticed a ynoxinul
    53 | Abyss:1  | Noticed a smoke demon
    57 | D:1      | Escaped the Abyss
   575 | D:1      | Reached * piety under Lugonu
   593 | D:1      | Found a faded altar of an unknown god.
   836 | D:1      | Gained mutation: A meltable shield of frost defends you.
                  | (SH +4) [demonic ancestry]
   836 | D:1      | Reached XP level 2. HP: 17/23 MP: 3/3
  1066 | D:2      | Reached skill level 1 in Dodging
  2141 | D:3      | Gained mutation: You are partially covered in large bone
                  | plates. (SH +4) [demonic ancestry]
  2141 | D:3      | Reached XP level 3. HP: 28/29 MP: 5/5
  2322 | D:3      | Noticed a shadow
  2326 | D:3      | Found a shadowy altar of Dithmenos.
  2327 | D:3      | Found a hazy altar of Hepliaklqana.
  2644 | D:3      | Found Lugiuxku's Distillery.
  2649 | D:3      | Bought a potion of curing for 36 gold pieces
  2649 | D:3      | Bought a potion of attraction for 36 gold pieces
  2649 | D:3      | Bought a potion of degeneration for 12 gold pieces
  3242 | D:3      | Killed from afar by an orc priest

Illustrated notes

Levels and vault maps discovered:
D:1:      minmay_arrival_wavy_path, layout_loops_ring,
          ebering_ecumenical_altar_petrified
D:2:      layout_basic
D:3:      layout_loops_corners, riverfiend_overflow_shadow_ancestor,
          serial_shops, nicolae_shop_window_shopping

Skill      XL: |  1  2 |
---------------+-------+-----
Armour         | 2 |  2.4
Dodging        | 1 |  1.1
Long Blades    | 2 |  2.2
Fighting       | |  3.5
Stealth        | |  0.2
Shields        | |  0.2
Invocations    | |  2.8

Action                   || total
-------------------------++-------
Melee: Falchion          ||   122
Invok: Depart the Abyss  ||     1
 Stab: Sleeping          ||     1
Armor: Leather armour    ||    33
Dodge: Dodged            ||    66
Block: Other             ||    24
       Rpst.: Falchion   ||    21
